Cogmind - Beta 14 @@@ ROGUE MODE // 2024.10.19 @ 19:55:04 Player: Jahimaih Green Turtle Result: Destroyed by Y-45 Defender with Heavy Assault Rifle Performance ------------- Evolutions (2) 1000 Regions Visited (4) 800 Robots Destroyed (56) 280 Value Destroyed (1313) 1313 Prototype IDs (4) 80 Alien Tech Used (0) 0 Bonus (35) 35 TOTAL SCORE: 3508 Bonus ------- High Alert Combat Kills 35 Cogmind --------- Core Integrity 0/550 Matter 180/300 Energy 95/100 System Corruption 5% Temperature Cool (9) Movement Core (50) Location -8/Storage Parts ------- > --- POWER (1) -------- (None) > --- PROPULSION (4) --- Light Treads > --- UTILITY (4) ------ (None) > --- WEAPON (2) ------- (None) > --- INVENTORY (5) ---- Light Nuclear Core Light Nuclear Core Light Treads Seismic Detector Heavy Assault Rifle Peak State ------------ > --- POWER ------------ Light Deuterium Engine > --- PROPULSION ------- VSS Leg VSS Leg VSS Leg VSS Leg > --- UTILITY ---------- Sensor Array Signal Interpreter Improved Terrain Scanner Reaction Control System > --- WEAPON ----------- Improved EM Shotgun Improved Assault Rifle > --- INVENTORY -------- Ion Engine Seismic Detector Mini Grenade Launcher Mini Grenade Launcher [Rating: 29] Favorites ----------- Power Ion Engine Engine Ion Engine Propulsion VSS Leg Treads Light Treads Leg VSS Leg Hover Unit Hover Unit Flight Unit Cesium-ion Thruster Utility Seismic Detector Device Seismic Detector Storage Small Storage Unit Processor Signal Interpreter Weapon Improved EM Shotgun Energy Gun Improved EM Shotgun Energy Cannon Ion Cannon Ballistic Gun Light Assault Rifle Launcher Mini Grenade Launcher Build | -11 -10 -9 -8 -8 ------- Run | Yrd Mat Mat Mat Sto Slots Evolved 4 | . . 2 2 . Power . | . . . . . Propulsion 2 | . . 2 . . Utility 2 | . . . 2 . Weapon . | . . . . . Parts Attached 34 | 8 6 9 3 8 Power 3 | . 1 1 1 . Engine 3 | . 1 1 1 . Core . | . . . . . Reactor . | . . . . . Propulsion 11 | 2 2 4 . 3 Treads 1 | . . . . 1 Leg 7 | 2 . 4 . 1 Wheel . | . . . . . Hover 2 | . 2 . . . Flight 1 | . . . . 1 Utility 7 | 3 1 . 2 1 Device 5 | 2 1 . 1 1 Storage 1 | 1 . . . . Processor 1 | . . . 1 . Hackware . | . . . . . Protection . | . . . . . Artifact . | . . . . . Weapon 13 | 3 2 4 . 4 Energy Gun 4 | 2 . 2 . . Energy Cannon 1 | . . 1 . . Ballistic Gun 5 | 1 2 1 . 1 Ballistic Cannon . | . . . . . Launcher 3 | . . . . 3 Special Weapon . | . . . . . Impact Weapon . | . . . . . Slashing Weapon . | . . . . . Piercing Weapon . | . . . . . Special Melee Weapon . | . . . . . Unidentified Prototypes . | . . . . . Corrupted Parts 1 | . . . . 1 System Corruption 5 | . . . . 5 Parts Lost 17 | . . 1 . 16 Power 1 | . . 1 . . Propulsion 6 | . . . . 6 Utility 4 | . . . . 4 Weapon 6 | . . . . 6 Highest Loss Streak 10 | . . 1 . 10 To Critical Strikes . | . . . . . Average Slot Usage (%) 86 | . 87 99 100 61 Engine 7 | . 3 10 9 4 Leg 32 | . 22 43 36 20 Hover 1 | . 5 . . . Device 18 | . 15 22 27 13 Storage 2 | . 11 . . . Processor 1 | . . . 9 5 Energy Gun 8 | . 9 10 9 5 Energy Cannon 4 | . . 9 . . Ballistic Gun 7 | . 18 1 9 6 Peak Build Rating 29 | 8 9 23 27 29 Average Rating 16 | 5 6 22 25 17 On Entrance 13 | . 6 9 23 27 Naked Turns 1 | . . . . 1 Heaviest Build 16 | 8 13 16 14 14 Greatest Support 48 | 20 20 48 24 24 Greatest Overweight (x) 2 | 2 2 . . 1 Average Overweight (x) . | . . . . . Largest Inventory Capacity 8 | 8 8 5 5 5 Average Capacity 5 | 7 7 5 5 5 Most Carried 8 | 6 8 5 4 5 Average Carried 4 | 5 6 4 3 3 Final Capacity 8 | 8 5 5 5 5 Final Carried 6 | 6 4 5 4 5 Class Distribution -------------------- 82% | Mutant 10% | Scavenger-Skirmisher 4% | Skirmisher Dominant Class ---------------- Mutant | -10/Materials Mutant | -9/Materials Mutant | -8/Materials Mutant | -8/Storage Resources | -11 -10 -9 -8 -8 ----------- Run | Yrd Mat Mat Mat Sto Matter Collected 714 | 269 109 102 . 234 Remotely . | . . . . . Salvage Created 1719 | 90 227 715 . 687 Parts 117 | 8 20 46 . 43 Haulers Intercepted 4 | . . 3 . 1 Recyclers Shooed 2 | . . . . 2 Parts Field Recycled . | . . . . . Retrieved Matter . | . . . . . Parts Self-Destructed . | . . . . . Prevented . | . . . . . Kills | -11 -10 -9 -8 -8 ------- Run | Yrd Mat Mat Mat Sto Combat Hostiles Destroyed 35 | . 9 15 . 11 Guns 22 | . 9 7 . 6 Cannons 7 | . . 7 . . AOE 6 | . . 1 . 5 Classes Destroyed 12 | 1 3 4 . 4 Worker 4 | . . . . 4 Builder 2 | . . . . 2 Tunneler 4 | 4 . . . . Hauler 4 | . . 3 . 1 Recycler 3 | . . . . 3 Operator 2 | . . 1 . 1 Watcher 2 | . 1 1 . . Swarmer 10 | . 6 4 . . Grunt 18 | . 3 8 . 7 Brawler 1 | . . 1 . . Sentry 5 | . . 2 . 3 Hunter 1 | . . . . 1 Best Kill Streak 13 | 2 8 5 . 13 Combat Bots Only 5 | . 4 5 . 5 Max Kills in Single Turn 2 | 1 1 2 . 2 Gunslinging . | . . . . . Exploded 1 | . . 1 . 1 Melee . | . . . . . Uniques/NPCs Destroyed . | . . . . . Combat | -11 -10 -9 -8 -8 -------- Run | Yrd Mat Mat Mat Sto Hostile Shots Fired 196 | . 44 41 . 111 Missed 60 | . 10 14 . 36 Damage Taken 2213 | . 373 356 . 1484 Core 692 | . 91 41 . 560 Absorbed by Shields . | . . . . . Core Remaining (%) 84 | 100 63 89 . . Volleys Fired 129 | 11 25 42 . 51 Largest 2 | 2 2 2 . 2 Hottest 123 | 60 60 123 . 68 Shots Fired 221 | 22 49 77 . 73 Gun 164 | 22 49 39 . 54 Cannon 38 | . . 38 . . Launcher 19 | . . . . 19 Special . | . . . . . Kinetic 77 | 11 27 4 . 35 Thermal 87 | 11 22 54 . . Explosive 19 | . . . . 19 Electromagnetic 38 | . . 19 . 19 Robot Hit Streak 28 | 4 5 28 . 10 Robot Miss Streak 4 | 1 2 4 . 3 Penetration Max . | . . . . . Secondary Targets 4 | . 4 . . . Max Gunslinging Chain 1 | . 1 . . . Shots Hit Robots 149 | 14 33 56 . 46 Core Hits 98 | 5 19 28 . 46 Critical Kills . | . . . . . Critical Parts Destroyed . | . . . . . Critical Strikes 1 | . . 1 . . Burn 1 | . . 1 . . Melee Attacks . | . . . . . Impact . | . . . . . Slashing . | . . . . . Piercing . | . . . . . Sneak Attacks . | . . . . . Combat Hostiles . | . . . . . Follow-up Attacks . | . . . . . Damage Inflicted 3524 | 135 339 1212 . 1838 Guns 1501 | 135 339 500 . 527 Cannons 619 | . . 619 . . Explosions 1404 | . . 93 . 1311 Melee . | . . . . . Ramming . | . . . . . Kinetic 529 | 68 123 35 . 303 Thermal 1473 | 67 216 935 . 255 Explosive 1056 | . . . . 1056 Electromagnetic 466 | . . 242 . 224 Impact . | . . . . . Slashing . | . . . . . Piercing . | . . . . . Highest Corruption 5 | . . . . 5 Average Corruption 5 | . . . . 5 Corruption Purged . | . . . . . Corruption Blocked . | . . . . . Effects 12 | . . . . 12 Message Errors 4 | . . . . 4 Matter Fused 2 | . . . . 2 Heat Flow Errors 2 | . . . . 2 Energy Discharges 2 | . . . . 2 Parts Rejected 1 | . . . . 1 Weapon Failures 1 | . . . . 1 Overload Shots . | . . . . . Overflow Damage 79 | . . 2 . 77 Projectiles . | . . . . . Explosions 79 | . . 2 . 77 Melee . | . . . . . Knockbacks . | . . . . . Impact . | . . . . . Kinetic . | . . . . . Secondary . | . . . . . Self-Inflicted Damage 317 | . . 40 . 277 Shots 12 | . . 1 . 11 Rammed . | . . . . . Targets Rammed . | . . . . . Kicked . | . . . . . Crushed . | . . . . . Highest Temperature 306 | 20 74 306 . 229 Average Temperature 70 | 9 23 100 . 38 Received Heat Transfer 915 | . 159 135 . 621 Effects 1 | . . 1 . . Energy Bleed 1 | . . 1 . . Siege Activations . | . . . . . Robots Corrupted . | . . . . . Combat Hostiles . | . . . . . Parts Fried . | . . . . . Impact Corruptions . | . . . . . Robots Melted . | . . . . . Combat Hostiles . | . . . . . Parts Melted 2 | . . 2 . . Heat Transferred 2492 | 150 475 1617 . 250 Parts Sabotaged . | . . . . . Parts Stolen . | . . . . . Parts Stripped . | . . . . . Power Chain Reactions 4 | . . 1 . 3 Alert | -11 -10 -9 -8 -8 ------- Run | Yrd Mat Mat Mat Sto Peak Influence 525 | 20 272 298 125 525 Initial 125 | . 13 114 125 52 Average 158 | 9 169 153 125 240 Maximum Alert Level 2 | . 1 1 . 2 Low Security (%) 69 | 100 48 73 100 60 Level 1 26 | . 51 26 . 22 Level 2 3 | . . . . 17 Level 3 . | . . . . . Level 4 . | . . . . . Level 5 . | . . . . . High Security . | . . . . . Max Security . | . . . . . Squads Dispatched 7 | . 1 4 . 2 Investigation 2 | . . 2 . . Extermination . | . . . . . Reinforcement 5 | . 1 2 . 2 Assault . | . . . . . Garrison . | . . . . . Intercept . | . . . . . Searches Triggered . | . . . . . Construction Impeded 2 | . . . . 2 Haulers Reinforced . | . . . . . Active Scanning Responses . | . . . . . Cargo Convoy Interrupts . | . . . . . Stealth | -11 -10 -9 -8 -8 --------- Run | Yrd Mat Mat Mat Sto Distress Signals 2 | . . . . 2 Communications Jammed . | . . . . . Distress Signals . | . . . . . Times Spotted 52 | . 15 18 . 19 Peak Tracking Total 6 | . 5 5 . 6 Tactical Retreats 2 | . . . . 2 Traps | -11 -10 -9 -8 -8 ------- Run | Yrd Mat Mat Mat Sto Traps Triggered 1 | . . 1 . . Indirectly . | . . . . . Trap Hack Attempts . | . . . . . Triggered . | . . . . . Disarmed . | . . . . . Reprogrammed . | . . . . . Reused . | . . . . . Traps Extracted . | . . . . . Installed . | . . . . . Triggered . | . . . . . Machines | -11 -10 -9 -8 -8 ---------- Run | Yrd Mat Mat Mat Sto Machines Disabled 3 | . . 1 . 2 Max in Single Turn 1 | . . 1 . 1 Machines Repaired . | . . . . . Machines Dismantled . | . . . . . Machines Sabotaged . | . . . . . Overloaded Fab Kills . | . . . . . Hacking | -11 -10 -9 -8 -8 --------- Run | Yrd Mat Mat Mat Sto Machines Accessed 11 | . 3 4 . 4 Terminals 9 | . 3 2 . 4 Fabricators . | . . . . . Repair Stations . | . . . . . Recycling Units 1 | . . 1 . . Scanalyzers 1 | . . 1 . . Garrison Access . | . . . . . Total Hacks 34 | . 11 14 . 9 Successful 18 | . 6 10 . 2 Failed 16 | . 5 4 . 7 Catastrophic 3 | . 2 . . 1 Database Lockouts . | . . . . . Manual 18 | . 10 5 . 3 Terminals 27 | . 11 7 . 9 Fabricators . | . . . . . Repair Stations . | . . . . . Recycling Units 4 | . . 4 . . Scanalyzers 3 | . . 3 . . Garrison Access . | . . . . . Terminal Hacks 14 | . 6 6 . 2 Part Schematic 1 | . . . . 1 Robot Analysis 3 | . 3 . . . Prototype ID Bank 1 | . 1 . . . Open Door 1 | . . . . 1 Level Access Points 1 | . . 1 . . Alert Level 4 | . 2 2 . . Unreport Threat 1 | . . 1 . . Hauler Manifests 1 | . . 1 . . Zone Layout 1 | . . 1 . . Fabricator Hacks . | . . . . . Repair Station Hacks . | . . . . . Recycling Unit Hacks 2 | . . 2 . . Retrieve Matter 1 | . . 1 . . Retrieve Components 1 | . . 1 . . Scanalyzer 2 | . . 2 . . Insert Component 2 | . . 2 . . Garrison Access Hacks . | . . . . . Unauthorized Hacks . | . . . . . Terminals . | . . . . . Fabricators . | . . . . . Repair Stations . | . . . . . Recycling Units . | . . . . . Scanalyzers . | . . . . . Garrison Access . | . . . . . Data Cores Recovered 1 | . . . . 1 Used . | . . . . . Hacking Detections 11 | . 3 4 . 4 Full Trace Events 1 | . . 1 . . Feedback Events . | . . . . . Feedback Blocked . | . . . . . Robot Schematics Acquired . | . . . . . Robots Built . | . . . . . Authchips . | . . . . . Time . | . . . . . Total Robot Build Rating . | . . . . . Part Schematics Acquired 1 | . . . . 1 Parts Built . | . . . . . Authchips . | . . . . . Time . | . . . . . Total Part Build Rating . | . . . . . Parts Repaired . | . . . . . Time . | . . . . . Parts Recycled . | . . . . . Recycled Matter . | . . . . . Retrieved Matter . | . . . . . Retrieved Components . | . . . . . Parts Scanalyzed 1 | . . 1 . . Part Schematics Acquired . | . . . . . Parts Damaged . | . . . . . Bothacking | -11 -10 -9 -8 -8 ------------ Run | Yrd Mat Mat Mat Sto Used RIF Installer . | . . . . . Robots Hacked . | . . . . . Non-combat . | . . . . . Combat . | . . . . . Robot Hacks Applied . | . . . . . Relay Couplers Released . | . . . . . Fabnet Peak Effective % . | . . . . . Robots Rewired . | . . . . . Allies Hacked . | . . . . . Hacks Repelled . | . . . . . Allies | -11 -10 -9 -8 -8 -------- Run | Yrd Mat Mat Mat Sto Total Allies . | . . . . . Largest Group . | . . . . . Highest-Rated Group . | . . . . . Highest-Rated Ally . | . . . . . Total Orders . | . . . . . Ally Attacks . | . . . . . Total Damage . | . . . . . Kills . | . . . . . Allies Corrupted . | . . . . . Allies Melted . | . . . . . Intel | -11 -10 -9 -8 -8 ------- Run | Yrd Mat Mat Mat Sto Robot Analysis Total 3 | . 3 . . . Derelict Logs Recovered . | . . . . . Drone Launches . | . . . . . Drone Recoveries . | . . . . . Exploration | -11 -10 -9 -8 -8 ------------- Run | Yrd Mat Mat Mat Sto Turns Passed 1754 | 206 339 770 39 400 Spaces Moved 1211 | 136 266 464 37 308 Core 115 | 15 . . . 100 Treads . | . . . . . Legs 870 | 121 145 458 37 109 Wheels . | . . . . . Hover 127 | . 121 6 . . Flight 99 | . . . . 99 Fastest Speed 35 | 50 56 56 90 35 Average Speed 86 | 115 91 89 90 62 Slowest Speed 180 | 150 180 90 90 120 Overloaded Moves . | . . . . . Propulsion Burnouts . | . . . . . Robots Hopped . | . . . . . Cave-ins Triggered . | . . . . . Exploration Rate (%) 25 | 7 38 32 3 49 Regions Visited 4 Branch Regions 1 Pre-discovered Areas . | . . . . . Known Exits Taken 2 | . . 1 1 . Unknown Exits Taken 2 | 1 1 . . . Scrap Searched . | . . . . . Spaces Dug . | . . . . . Terrain Destroyed 106 | . . 10 . 96 Melee . | . . . . . Projectile 5 | . . 5 . . AOE 101 | . . 5 . 96 Terrain Rammed . | . . . . . Walls Destroyed . | . . . . . Machines Disabled . | . . . . . Actions | -11 -10 -9 -8 -8 --------- Run | Yrd Mat Mat Mat Sto Total 1710 | 163 322 742 42 441 Wait 282 | . 9 211 . 62 Move 1207 | 135 265 463 36 308 Hop . | . . . . . Pick Up 35 | 9 7 8 2 9 Fast Attach 10 | 3 1 5 . 1 Attach 17 | 3 3 2 2 7 Detach 1 | . . . . 1 Swap 7 | 2 2 2 1 . Drop 22 | . 10 9 1 2 Fire 129 | 11 25 42 . 51 Melee . | . . . . . Ram . | . . . . . Kick . | . . . . . Crush . | . . . . . Escape Stasis . | . . . . . Rewire . | . . . . . Trap . | . . . . . Miscellaneous . | . . . . . Route ------- -11/Scrapyard -10/Materials -9/Materials (discovered 3 exits: *Mat x3) -8/Materials -8/Storage History --------- Turn | Location | Event 4 | -11/Scrapyard | Discovered new exit (range 15) 207 | -11/Scrapyard | Entered Materials 303 | -10/Materials | Build established: Mutant 303 | -10/Materials | Discovered new exit (range 8) 546 | -10/Materials | Entered another Materials area 546 | -9/Materials | Evolved 2 slots: Propulsion x2 971 | -9/Materials | Identified exit to Materials 1316 | -9/Materials | Entered another Materials area 1316 | -8/Materials | Evolved 2 slots: Utility x2 1318 | -8/Materials | Discovered new exit (range 8) 1324 | -8/Materials | Identified exit to Storage 1355 | -8/Materials | Entered Storage 1608 | -8/Storage | Core integrity fell below 50% 1637 | -8/Storage | Lost 10 parts (4n3u3w) 1678 | -8/Storage | Core integrity fell below 20% 1755 | -8/Storage | Destroyed by Y-45 Defender with Heavy Assault Rifle Last Messages --------------- 01722_ System corrupted: Heat flow error (+230). 01722_ Critical hit (Burn: +37). 01722_ Cesium-ion Thruster destroyed. 01725_ Critical hit (Burn: +37). 01728_ Connecting with Door Terminal... >>Open(Door) Sealed Heavy Doors opened. 01730_ K-01 Serf destroyed. 01732_ K-01 Serf collects debris. 01736_ Y-45 Defender destroyed. 01739_ K-01 Serf collects debris. 01740_ Acquired 53 matter. 01741_ Acquired Hvy. Assault Rifle. 01742_ K-01 Serf collects debris. 01743_ Acquired Lgt. Treads. 01747_ K-01 Serf collects debris. 01748_ System corrupted: Energy discharge (-23). 01749_ Connecting with Terminal... 01751_ K-01 Serf collects debris. 01755_ Hvy. Assault Rifle destroyed. Map ----- +----------------------------------------------------+ | = # #?????? """ #??????? | | # # #???????? ????????? | | % # ?????????##/####??????? | | % = ##+########## # #######? | | #" # # # ? | | # # = ## + # """ # | | ## # # """ # | | # #"" !!* + + """ # | | # #"T !* # # # | | ##"" !* # %=########## | | " ## # # # | | # ############## # """ # | | #??????#?##### # """ # | | #????????#!!## # """ # | | = # #######?###????#!!## # # | | #* ########????????#!!## # """ # | | # # #??##???## ## # G" # | | # + #???#???#T + + """ # | | # # #?#??#??## # # # | | # # #????????##### ########?? | | # + ##?########### #????????? | | # # #?## # #????????? | | # # #??# """ """ # #????????? | | + # #??# "T" """ #Y #????????? | | # ###########??# """ Y +????????? | | # #????????????# @ # #????????? | | #####????????????# # #????????? | | ?????????????????# *[ k # #????????? | | ?????????????????# ! # #????????? | | ?????????????????## ######## #????????? | | ??????????????????###??????# #????????? | | ???????????????????????????# #????????? | | ???????????????????????????? #????????? | | ???????????????????????????? ????????? | | ???????????????????????????? ????????? | | ???????????????????????????? ????????? | | ???????????????????????????? ????????? | | ???????????????????????????? #???????? | | ???????????????????????????? ?????????? | | ????????????????????????????????????????? | | ????????????????????????????????????????? | | ????????????????????????????????????????? | | ????????????????????????????????????????? | | ????????????????????????????????????????? | | ????????????????????????????????????????? | | ????????????????????????????????????????? | | ????????????????????????????????????????? | | ????????????????????????????????????????? | | ????????????????????????????????????????? | | ????????????????????????????????????????? | +----------------------------------------------------+ Best States ------------- Heat Dissipation 31 Energy Generation 14 Energy Capacity 250 Matter Stores 300 Matter Capacity 300 Sight Range 16 Robot Scan Range 14 Terrain Scan Range 16 Terrain Scan Density 10 Evasion (%) 65 Item Schematics ----------------- Nuclear Pulse Thruster | -8/Storage | Hacked Robot Schematics ------------------ None Fabricated ------------ Nothing Alien Tech Used ----------------- None Achievements -------------- None Challenges ------------ None Game ------ Seed TechArmorDevice Manual? 0 Play Time 00:31:57 Cumulative 30.2 hours Start 2024.10.19 @ 19:19:40 End 2024.10.19 @ 19:55:04 Sessions 1 Manual Loads 0 Difficulty Rogue Special Mode None Game No. 23 Rogue 23 Adventurer 0 Explorer 0 Win Type - Total 0 Types 0/0/0/0/0/0/0/0/0 Lore% 16 Gallery% 25 Achievement% 26 Wizard Run 0 Options --------- Layout 1 ASCII 0 Keyboard 0 Movement Mouse Keybinds 0 Fullscreen 2 Font 24/Smallcaps Map View 50x35 Zoom Use 0% Tactical HUD 1 Map Filters NONE Filters NONE Steam 1 RUN: e419ad6b-346e-4338-baff-7fbfc03802fa